 Dungeon Crawl Stone Soup version 0.30-a0-883-g5ad918d77d (webtiles) character file.

Game seed: 13803721605436972675

29 Jeffwins the Shooter (level 3, 0/24 HPs)
             Began as a Human Wanderer on Mar 17, 2023.
             Slain by an adder (3 damage)
             ... on level 2 of the Dungeon.
             The game lasted 00:01:32 (741 turns).

Jeffwins the Shooter (Human Wanderer)                Turns: 741, Time: 00:01:33

Health: 0/24       AC:  5    Str:  9    XL:     3   Next: 32%
Magic:  3/3        EV: 12    Int: 16    God:
Gold:   52         SH:  0    Dex: 16    Spells: 2/2 levels left

rFire   . . .      SeeInvis .    a - +1 shortbow
rCold   . . .      Faith    .    (shield currently unavailable)
rNeg    . . .      Spirit   .    e - +0 leather armour
rPois   .          Reflect  .    n - +1 hat {Int+3}
rElec   .          Rampage  .    (no cloak)
rCorr   +                        l - +0 pair of gloves
Will    .....                    (no boots)
Stlth   ++                       (no amulet)
HPRegen 0.24/turn                R - ring of resist corrosion
MPRegen 0.08/turn                (no ring)

@: lethally poisoned (0 -> -4)
A: no striking features
a: no special abilities


You were on level 2 of the Dungeon.
You visited 1 branch of the dungeon, and saw 2 of its levels.

You collected 52 gold pieces.


   Skills:
 - Level 1.0 Staves
 * Level 3.1 Ranged Weapons
 - Level 1.0 Throwing
 - Level 3.0 Armour
 - Level 3.0 Dodging
 + Level 1.5 Stealth


You had 2 spell levels left.
You didn't know any spells.
Your spell library was empty.

Inventory:

Hand Weapons
 a - a +1 shortbow (weapon)
 b - a +0 quarterstaff
Armour
 e - a +0 leather armour (worn)
 l - a +0 pair of gloves (worn)
 n - a +1 hat of intelligence (worn)
Jewellery
 R - a ring of resist corrosion (left hand)
Scrolls
 d - 2 scrolls of fog
 g - a scroll of enchant armour
 h - a scroll of identify {@r1}
 i - a scroll of teleportation {unknown}
 j - a scroll of enchant weapon
Potions
 c - 2 potions of haste {unknown}
 o - a potion of heal wounds {unknown}

Dungeon Overview and Level Annotations

Branches:
Dungeon (2/15)

Altars:

#####...........
#.....#####.
#.....# #.....#
#...l.# #.....#
#.....#
#...!.########.#
####......l@S..#
#.###########
#.# #. #. #. ..


You could see an adder and a frilled lizard.


Message History

The ball python bites you but does no damage.
The adder misses you.
You shoot an arrow. The arrow hits the ball python.
You kill the ball python!
The adder bites you but does no damage.
You shoot an arrow. The arrow misses the adder.
You flicker for a moment.
The adder barely misses you.
The frilled lizard bites you but does no damage.
The adder barely misses you. The frilled lizard closely misses you.
Unknown command.
You shoot an arrow. The arrow closely misses the adder.
The adder bites you but does no damage. The frilled lizard closely misses you.
The adder misses you.
You shoot an arrow. The arrow hits the adder.
The adder is heavily wounded.
The adder bites you.
* * * LOW HITPOINT WARNING * * *
You are poisoned.
The adder poisons you!
The frilled lizard completely misses you.
The adder barely misses you.
You shoot an arrow. The arrow misses the adder.
You flicker back into view.
* * * LOW HITPOINT WARNING * * *
You feel very sick. The frilled lizard bites you.
* * * LOW HITPOINT WARNING * * *
The adder bites you.
You die...

Skill      XL: |  1  2 |
---------------+-------+-----
Stealth        | 1 |  1.5
Ranged Weapons | 3 |  3.1
Staves         | |  1.0
Throwing       | |  1.0
Armour         | |  3.0
Dodging        | |  3.0

Action                     || total
---------------------------++-------
   Fire: Shortbow          ||    58
    Use: Scroll            ||     4
         Potion            ||     1
 Armour: Robe              ||     6
         Leather armour    ||    18
  Dodge: Dodged            ||    38

Levels and vault maps discovered:
D:1:      ldierk_walled_garden, layout_loops_ring
D:2:      layout_basic, serial_shops, nicolae_shop_crystal,
          shapermc_ecumenical_altar_gd

Notes
Turn   | Place    | Note
-------+----------+-------------------------------------------
     0 | D:1      | Jeffwins the Human Wanderer began the quest for the Orb.
     0 | D:1      | Jeffwins set off with the following items: a +0 shortbow, a
                  | +0 quarterstaff, a +0 helmet, a scroll of fog, a +0 robe.
     0 | D:1      | Reached XP level 1. HP: 13/13 MP: 1/1
   269 | D:1      | Reached XP level 2. HP: 19/19 MP: 2/2
   304 | D:1      | Reached skill level 1 in Stealth
   710 | D:2      | Reached skill level 3 in Ranged Weapons
   710 | D:2      | Reached XP level 3. HP: 12/24 MP: 3/3
   741 | D:2      | Slain by an adder

Vanquished Creatures
  An adder (D:2)
  A dart slug (D:1)
  A hobgoblin (D:1)
  A kobold (D:1)
  3 quokkas
  2 ball pythons (D:2)
  3 bats
  2 frilled lizards (D:1)
  2 goblins (D:1)
  2 rats
18 creatures vanquished.

Vanquished Creatures (others)
  5 toadstools (D:1)
5 creatures vanquished.

Grand Total: 23 creatures vanquished

Table legend: (Time is in decaauts)
 A = Elapsed time spent in this place.
 B = Non-inter-level travel time spent in this place.
 C = Inter-level travel time spent in this place.
 D = Time resting spent in this place.
 E = Time spent auto-exploring this place.
 F = Levels seen in this place.
 G = Mean time per level.
                   A        B        C        D        E       F      G
               +--------+--------+--------+--------+--------+-----+--------+
         Total |    763 |    734 |     29 |      0 |    525 |   2 |  381.5 |
       Dungeon |    763 |    734 |     29 |      0 |    525 |   2 |  381.5 |
               +--------+--------+--------+--------+--------+-----+--------+

Top non-repeatable levels by time:
     D:1: 714 daAuts
     D:2: 48 daAuts

Table legend:
 A = Non-vault XP
 B = Vault XP
 C = Vault XP percentage of total XP
 D = Non-vault monster count
 E = Vault monster count
 F = Vault count percentage of total count
                 A         B        C        D         E       F
            +---------+---------+-------+---------+---------+-------
      Total |      42 |       0 |   0.0 |      18 |       0 |   0.0
            +---------+---------+-------+---------+---------+-------
        D:1 |      21 |       0 |   0.0 |      12 |       0 |   0.0
        D:2 |      21 |       0 |   0.0 |       6 |       0 |   0.0
            +---------+---------+-------+---------+---------+-------
